General information
- name: BNet
- type: Ladder team game (AT/RT)
- host: Battle.net
- saver:
map: TwilightRuins
- players: 8
- length: 18:31
- speed: Fast
- version: 1.26 W3XP
- replay type: Public
» download(110 KB)
Players
team 1 (winner)
NACHAPOP (
red | 41 APM | 758 actions | 18:31)
5 Archmage
2 Summon Water Elemental
1 Blizzard
2 Brilliance Aura
» actions
| Build / train | 73 | |
| Enter build submenu | 40 | |
| Enter hero's abilities submenu | 5 | |
| Give item / drop item | 1 | |
| Remove unit from queue | 1 | |
| Right click | 339 | |
| Select / deselect | 236 | |
| Use ability | 63 | |
758 total
» units
| Peasant | 24 | |
| Goblin Shredder | 1 | |
| Mortar Team | 8 | |
| Flying Machine | 11 | |
44 total
» upgrades
| Lumber Harvesting | 2 | |
| Masonry | 3 | |
| Fragmentation Shards | 1 | |
| Flak Cannons | 1 | |
| Magic Sentry | 1 | |
| Flying Machine Bombs | 1 | |
| Gunpowder | 1 | |
| Plating | 1 | |
11 total
» buildings
| Altar of Kings | 1 | |
| Farm | 12 | |
| Arcane Vault | 2 | |
| Lumber Mill | 2 | |
| Keep | 2 | |
| Town Hall | 1 | |
| Scout Tower | 13 | |
| Guard Tower | 5 | |
| Blacksmith | 1 | |
| Castle | 1 | |
| Workshop | 4 | |
| Arcane Sanctum | 1 | |
45 total
» build order
00:13 Altar of Kings
00:25 Farm
01:04 Farm
01:13 Arcane Vault
01:35 Lumber Mill
01:44 Farm
02:30 Farm
03:36 Keep
04:15 Lumber Mill
04:24 Town Hall
05:12 Scout Tower
05:13 Scout Tower
05:16 Scout Tower
06:07 Guard Tower
06:14 Blacksmith
07:10 Arcane Vault
07:12 Scout Tower
07:16 Scout Tower
07:24 Castle
07:50 Workshop
09:12 Workshop
09:18 Workshop
09:21 Farm
09:26 Farm
09:27 Guard Tower
09:28 Guard Tower
09:31 Farm
09:32 Farm
09:34 Farm
09:36 Keep
09:41 Farm
10:21 Scout Tower
10:23 Scout Tower
10:24 Scout Tower
10:26 Scout Tower
11:37 Guard Tower
11:45 Workshop
12:18 Scout Tower
12:20 Scout Tower
13:15 Scout Tower
13:18 Scout Tower
13:21 Arcane Sanctum
14:03 Guard Tower
14:54 Farm
14:56 Farm
» items
| Staff of Teleportation | 1 | |
| Wand of Lightning Shield | 1 | |
| Potion of Lesser Invulnerability | 1 | |
3 total

»
ZufaII (
yellow | 54 APM | 997 actions | 18:31)
6 Death Knight
2 Death Coil
3 Unholy Aura
1 Animate Dead
» actions
| Build / train | 55 | |
| Enter build submenu | 26 | |
| Enter hero's abilities submenu | 6 | |
| Give item / drop item | 1 | |
| Right click | 641 | |
| Select / deselect | 216 | |
| Use ability | 52 | |
997 total
» units
| Acolyte | 7 | |
| Ghoul | 5 | |
| Crypt Fiend | 8 | |
| Frost Wyrm | 6 | |
26 total
» upgrades
| Creature Attack | 3 | |
| Creature Carapace | 3 | |
| Web | 1 | |
| Freezing Breath | 1 | |
8 total
» buildings
| Graveyard | 1 | |
| Crypt | 1 | |
| Ziggurat | 14 | |
| Altar of Darkness | 1 | |
| Tomb of Relics | 1 | |
| Nerubian Tower | 2 | |
| Halls of the Dead | 1 | |
| Spirit Tower | 2 | |
| Black Citadel | 1 | |
| Sacrificial Pit | 1 | |
| Boneyard | 2 | |
27 total
» build order
01:01 Graveyard
01:05 Crypt
01:09 Ziggurat
01:17 Altar of Darkness
01:26 Tomb of Relics
01:34 Ziggurat
02:02 Nerubian Tower
04:02 Ziggurat
07:27 Ziggurat
07:29 Ziggurat
07:33 Ziggurat
07:36 Halls of the Dead
07:41 Ziggurat
07:43 Ziggurat
09:06 Spirit Tower
09:07 Nerubian Tower
09:08 Spirit Tower
10:00 Black Citadel
10:06 Sacrificial Pit
11:14 Ziggurat
11:18 Ziggurat
11:21 Ziggurat
13:58 Boneyard
14:03 Boneyard
14:35 Ziggurat
14:37 Ziggurat
14:39 Ziggurat
» items
| Rod of Necromancy | 1 | |
| Potion of Lesser Invulnerability | 2 | |
| Scroll of Town Portal | 3 | |
| Potion of Healing | 2 | |
8 total

»
lnd.weedsmoker (
purple | 47 APM | 878 actions | 18:31)
6 Lich
3 Frost Nova
2 Frost Armor
1 Death and Decay
» actions
| Assign group hotkey | 19 | |
| Build / train | 48 | |
| Enter build submenu | 16 | |
| Enter hero's abilities submenu | 6 | |
| Right click | 475 | |
| Select / deselect | 134 | |
| Select group hotkey | 142 | |
| Use ability | 38 | |
878 total
» units
| Acolyte | 2 | |
| Ghoul | 2 | |
| Crypt Fiend | 20 | |
| Frost Wyrm | 5 | |
29 total
» upgrades
| Creature Attack | 3 | |
| Creature Carapace | 2 | |
| Web | 1 | |
6 total
» buildings
| Altar of Darkness | 1 | |
| Ziggurat | 8 | |
| Crypt | 1 | |
| Graveyard | 1 | |
| Tomb of Relics | 1 | |
| Nerubian Tower | 2 | |
| Spirit Tower | 2 | |
| Halls of the Dead | 1 | |
| Sacrificial Pit | 1 | |
| Black Citadel | 1 | |
| Boneyard | 1 | |
20 total
» build order
00:22 Altar of Darkness
00:25 Ziggurat
00:38 Crypt
01:04 Graveyard
01:15 Ziggurat
01:44 Tomb of Relics
02:16 Nerubian Tower
02:39 Spirit Tower
04:17 Ziggurat
04:59 Halls of the Dead
05:54 Ziggurat
06:23 Spirit Tower
07:23 Sacrificial Pit
07:31 Black Citadel
08:44 Nerubian Tower
09:13 Ziggurat
09:20 Ziggurat
09:22 Ziggurat
09:26 Ziggurat
10:36 Boneyard

»
11krystian11 (
pink | 32 APM | 584 actions | 18:31)
6 Demon Hunter
3 Evasion
2 Immolation
1 Metamorphosis
» actions
| Build / train | 56 | |
| Enter build submenu | 22 | |
| Enter hero's abilities submenu | 6 | |
| Give item / drop item | 7 | |
| Right click | 288 | |
| Select / deselect | 174 | |
| Use ability | 31 | |
584 total
» units
| Wisp | 16 | |
| Goblin Shredder | 2 | |
| Chimaera | 6 | |
24 total
» upgrades
| Ultravision | 1 | |
| Strength of the Wild | 3 | |
| Reinforced Hides | 3 | |
| Corrosive Breath | 1 | |
| Well Spring | 1 | |
| Strength of the Moon | 1 | |
| Moon Armor | 1 | |
| Nature's Blessing | 1 | |
| Backpack | 1 | |
13 total
» buildings
| Moon Well | 8 | |
| Altar of Elders | 1 | |
| Ancient of Wonders | 4 | |
| Tree of Ages | 1 | |
| Tree of Life | 1 | |
| Hunter's Hall | 1 | |
| Ancient of Wind | 1 | |
| Tree of Eternity | 1 | |
| Chimaera Roost | 3 | |
21 total
» build order
00:08 Moon Well
00:09 Altar of Elders
01:09 Moon Well
02:08 Ancient of Wonders
02:39 Tree of Ages
03:13 Tree of Life
03:21 Hunter's Hall
03:25 Moon Well
03:30 Moon Well
04:28 Moon Well
05:27 Ancient of Wind
06:14 Tree of Eternity
08:38 Chimaera Roost
08:40 Chimaera Roost
08:42 Chimaera Roost
09:28 Moon Well
09:31 Moon Well
09:33 Moon Well
11:05 Ancient of Wonders
11:18 Ancient of Wonders
11:49 Ancient of Wonders
» items
| Periapt of Vitality | 1 | |
| Boots of Speed | 1 | |
| Scroll of Regeneration | 2 | |
| Claws of Attack +6 | 2 | |
| Potion of Healing | 1 | |
| Orb of Venom | 1 | |
| Scroll of Town Portal | 1 | |
| Orb of Corruption | 1 | |
10 total
team 2 (loser)
piesofthenorth (
teal | 47 APM | 873 actions | 18:31)
2 Goblin Alchemist
1 Acid Bomb
1 Chemical Rage
2 Pandaren Brewmaster
1 Breath of Fire
1 Drunken Haze
» actions
| Assign group hotkey | 9 | |
| Basic commands | 53 | |
| Build / train | 27 | |
| ESC pressed | 1 | |
| Enter build submenu | 26 | |
| Enter hero's abilities submenu | 5 | |
| Give item / drop item | 2 | |
| Right click | 284 | |
| Select / deselect | 232 | |
| Select group hotkey | 199 | |
| Use ability | 35 | |
873 total
» units
» upgrades
| Unholy Strength | 3 | |
| Disease Cloud | 1 | |
4 total
» buildings
| Crypt | 2 | |
| Necropolis | 2 | |
| Graveyard | 1 | |
| Halls of the Dead | 1 | |
| Altar of Darkness | 1 | |
| Ziggurat | 7 | |
| Tomb of Relics | 1 | |
| Slaughterhouse | 2 | |
| Black Citadel | 1 | |
| Spirit Tower | 2 | |
20 total
» build order
00:12 Crypt
00:21 Necropolis
00:54 Graveyard
01:10 Halls of the Dead
01:52 Crypt
02:40 Altar of Darkness
03:01 Ziggurat
04:01 Tomb of Relics
05:06 Slaughterhouse
05:08 Slaughterhouse
06:33 Black Citadel
06:41 Ziggurat
07:34 Ziggurat
07:36 Spirit Tower
11:05 Spirit Tower
12:20 Ziggurat
12:21 Ziggurat
14:59 Necropolis
15:17 Ziggurat
15:20 Ziggurat
» items

»
CIA_ (
blue | 23 APM | 366 actions | 16:13)
3 Blademaster
1 Wind Walk
2 Critical Strike
» actions
| Basic commands | 8 | |
| Build / train | 45 | |
| Enter build submenu | 14 | |
| Enter hero's abilities submenu | 3 | |
| Remove unit from queue | 5 | |
| Right click | 126 | |
| Select / deselect | 143 | |
| Use ability | 22 | |
366 total
» units
| Peon | 8 | |
| Troll Headhunter/Berserker | 6 | |
| Goblin Shredder | 1 | |
| Wind Rider | 7 | |
| Kodo Beast | 1 | |
23 total
» upgrades
| Armor | 3 | |
| Ranged Weapons | 3 | |
| Shaman Training | 2 | |
| War Drums Damage Increase | 1 | |
9 total
» buildings
| Altar of Storms | 1 | |
| Orc Burrow | 6 | |
| Barracks | 1 | |
| War Mill | 1 | |
| Voodoo Lounge | 1 | |
| Stronghold | 1 | |
| Great Hall | 1 | |
| Fortress | 1 | |
| Beastiary | 2 | |
| Spirit Lodge | 1 | |
16 total
» build order
00:24 Altar of Storms
00:38 Orc Burrow
00:55 Barracks
01:12 War Mill
02:07 Orc Burrow
02:40 Voodoo Lounge
03:05 Orc Burrow
05:00 Stronghold
06:27 Great Hall
06:57 Orc Burrow
07:25 Fortress
07:31 Beastiary
07:59 Beastiary
08:07 Spirit Lodge
11:42 Orc Burrow
13:38 Orc Burrow
» items
| Healing Salve | 1 | |
| Claws of Attack +6 | 1 | |
2 total

»
lucas444 (
orange | 45 APM | 835 actions | 18:31)
4 Blademaster
2 Wind Walk
2 Critical Strike
2 Tauren Chieftain
1 War Stomp
1 Shockwave
» actions
| Assign group hotkey | 3 | |
| Build / train | 57 | |
| Enter build submenu | 14 | |
| Enter hero's abilities submenu | 6 | |
| Give item / drop item | 1 | |
| Remove unit from queue | 1 | |
| Right click | 428 | |
| Select / deselect | 283 | |
| Select group hotkey | 1 | |
| Use ability | 41 | |
835 total
» units
| Peon | 13 | |
| Troll Headhunter/Berserker | 12 | |
| Wind Rider | 8 | |
33 total
» upgrades
| Ranged Weapons | 2 | |
| Armor | 3 | |
| Troll Regeneration | 1 | |
| Berserker Upgrade | 1 | |
7 total
» buildings
| Altar of Storms | 1 | |
| Orc Burrow | 6 | |
| Barracks | 1 | |
| War Mill | 1 | |
| Voodoo Lounge | 1 | |
| Stronghold | 1 | |
| Great Hall | 1 | |
| Beastiary | 2 | |
| Fortress | 1 | |
15 total
» build order
00:11 Altar of Storms
00:17 Orc Burrow
00:59 Barracks
01:20 War Mill
01:37 Voodoo Lounge
02:12 Orc Burrow
04:30 Stronghold
04:35 Orc Burrow
05:56 Great Hall
07:11 Beastiary
07:15 Beastiary
07:31 Orc Burrow
08:36 Orc Burrow
11:27 Fortress
11:36 Orc Burrow
» items
| Healing Salve | 4 | |
| Lesser Clarity Potion | 1 | |
| Potion of Healing | 1 | |
6 total

»
Criminel (
green | 32 APM | 597 actions | 18:31)
4 Demon Hunter
2 Immolation
2 Evasion
2 Keeper of the Grove
1 Force of Nature
1 Entangling Roots
» actions
| Build / train | 56 | |
| Enter build submenu | 23 | |
| Enter hero's abilities submenu | 6 | |
| Remove unit from queue | 2 | |
| Right click | 260 | |
| Select / deselect | 212 | |
| Use ability | 38 | |
597 total
» units
| Wisp | 23 | |
| Archer | 8 | |
| Dryad | 10 | |
| Huntress | 1 | |
42 total
» upgrades
| Strength of the Wild | 2 | |
| Reinforced Hides | 2 | |
| Abolish Magic | 1 | |
5 total
» buildings
| Altar of Elders | 1 | |
| Moon Well | 9 | |
| Ancient of War | 1 | |
| Hunter's Hall | 1 | |
| Tree of Ages | 1 | |
| Ancient Protector | 3 | |
| Ancient of Lore | 3 | |
| Tree of Life | 1 | |
| Ancient of Wind | 1 | |
21 total
» build order
00:36 Altar of Elders
00:51 Moon Well
01:18 Ancient of War
02:05 Moon Well
03:04 Moon Well
03:19 Hunter's Hall
04:23 Tree of Ages
04:36 Moon Well
04:42 Moon Well
05:39 Moon Well
06:35 Ancient Protector
06:38 Ancient Protector
06:54 Ancient of Lore
06:59 Ancient of Lore
07:03 Ancient of Lore
07:54 Tree of Life
09:52 Ancient Protector
14:02 Ancient of Wind
16:54 Moon Well
16:57 Moon Well
17:04 Moon Well
Chat log
(00:40 / Allies) lucas444: noobs?
(00:45 / Allies) CIA_: nah
(00:49 / Allies) lucas444: k
(00:52 / Allies) piesofthenorth: ya
(04:33 / Allies) CIA_: no
(06:29 / Allies) lucas444: units blue?
(06:43 / Allies) CIA_: oh wind riders shams
(08:59 / Allies) CIA_: really you took item
(09:15 / Allies) CIA_: teal pls give
(09:17 / Allies) piesofthenorth: you've got 400g
(09:21 / Allies) piesofthenorth: you can buy it at the market :P
(09:33 / Allies) CIA_: lol what i did all the work i get item
(09:46 / Allies) CIA_: give or else
(09:53 / Allies) lucas444: EASY
(09:57 / Allies) piesofthenorth: or else you'll taint your 22-30 record?
(10:14 / Allies) CIA_: no ill tk you
(10:28 / Allies) piesofthenorth: which... more than likely lowers your record...
(10:35 / Allies) CIA_: just give item that is all you have to do
(10:42 / Allies) lucas444: ME ONE MORE PLS TP
(11:04 / Allies) Criminel: ty orange
(11:53 / Allies) CIA_: teal give item last chace
(11:59 / Allies) piesofthenorth: i'm too far away :P
(12:12 / Allies) CIA_: ok
(13:42 / Allies) piesofthenorth: well, you've successfully proven that you don't want to win the game
(13:44 / Allies) piesofthenorth: so grats
(13:58 / Allies) CIA_: your fault noob
(14:03 / Allies) piesofthenorth: lol
(14:12 / All) piesofthenorth: Blue is a teamkiller by the way
(14:18 / All) piesofthenorth: If you were wondering about his absence
(14:50 / Allies) CIA_: they know you deserve it so... plus your building sige
(15:06 / Allies) piesofthenorth: yes, as we all know siege is worthless.
(15:24 / Allies) lucas444: b
(16:08 / All) CIA_: enjoy the loss you caused teal
(16:12 / All) piesofthenorth: lol